 Dungeon Crawl Stone Soup version 0.28.0-53-g5a82cb258f (webtiles) character file.

Game seed: 13588352578760193677

42622 raph the Grappler (level 13, -1/99 HPs)
             Began as a Grey Draconian Transmuter on June 30, 2022.
             Was a High Priest of Hepliaklqana.
             Slain by an orc knight
             ... wielding a +2 long sword of holy wrath
              (23 damage)
             ... on level 2 of the Orcish Mines.
             The game lasted 00:46:36 (31567 turns).

raph the Grappler (Grey Draconian Transmuter)      Turns: 31567, Time: 00:46:37

Health: -1/99      AC: 16    Str: 13    XL:     13   Next: 86%
Magic:  24/33      EV: 18    Int: 19    God:    Hepliaklqana [*****.]
Gold:   2685       SH:  0    Dex: 11    Spells: 4/27 levels left

rFire   . . .      SeeInvis .     - Unarmed
rCold   . . .      Faith    .   (shield currently unavailable)
rNeg    + . .      Spirit   .   (armour unavailable)
rPois   .          Reflect  .   (helmet restricted)
rElec   .          Harm     .   m - +2 cloak of Honour {Rampage}
rCorr   .          Rampage  +   (gloves currently unavailable)
Will    .....                   (no boots)
Stlth   +++.......              J - macabre finger necklace {rN+}
HPRegen 0.26/turn               c - ring of wizardry
MPRegen 0.23/turn               C - ring of magical power
                                I - +4 ring of evasion

@: blade hands (expiring), wereblooded
A: reduced essence, AC +13, amphibious, unfitting armour, cold-blooded
a: End Transformation, Renounce Religion, Recall Ancestor, Ancestor Identity,
Transference, Idealise


You were on level 2 of the Orcish Mines.
You worshipped Hepliaklqana.
Hepliaklqana was extremely pleased with you.
You had blades for hands.
You visited 4 branches of the dungeon, and saw 19 of its levels.

You collected 3719 gold pieces.
You spent 1034 gold pieces at shops.

Inventory:

Missiles
 a - 423 stones
Armour
 i - a +0 pair of gloves (melded)
 m - the +2 cloak of Honour (worn) {Rampage}
   (You bought it in a shop on level 4 of the Dungeon)

   Rampage:   It bestows one free step when moving towards enemies.
Jewellery
 c - a ring of wizardry (left blade hand)
 d - an amulet of the acrobat
 p - a ring of poison resistance
 x - an amulet of regeneration
 z - an amulet of magic regeneration
 C - a ring of magical power (right blade hand)
 I - a +4 ring of evasion (on amulet)
 J - the macabre finger necklace (around neck) {rN+}
   (You found it on level 7 of the Dungeon)

   [amulet of nothing]

   It enables you to equip an extra ring.
   rN:        It protects you from negative energy.
Wands
 k - a wand of flame (35)
 l - a wand of iceblast (11)
 o - a wand of paralysis (12)
 u - a wand of charming (8)
 y - a wand of mindburst (6)
Scrolls
 f - 4 scrolls of teleportation
 j - 4 scrolls of amnesia
 s - a scroll of blinking
 v - 8 scrolls of identify
 D - a scroll of enchant weapon
 E - 2 scrolls of fear
Potions
 b - a potion of ambrosia
 e - a potion of might
 g - 5 potions of curing
 h - a potion of flight
 n - 4 potions of heal wounds
 q - 2 potions of lignification
 t - 3 potions of resistance
 w - a potion of cancellation
 A - 4 potions of magic
 B - a potion of haste
 G - a potion of invisibility
 H - a potion of berserk rage
Miscellaneous
 r - a box of beasts
 F - a phial of floods


   Skills:
 * Level 9.3 Fighting
 + Level 7.5 Dodging
 + Level 5.3 Stealth
 * Level 11.8 Unarmed Combat
 + Level 7.8 Spellcasting
 * Level 4.6 Conjurations
 * Level 11.6 Transmutations
 - Level 5.7 Ice Magic
 - Level 1.0 Poison Magic
 + Level 5.7 Invocations
 + Level 5.1 Evocations


You had 4 spell levels left.
You knew the following spells:

 Your Spells              Type           Power      Damage    Failure   Level
a - Beastly Appendage     Tmut           100%       N/A       2%          1
b - Wereblood             Tmut           51%        N/A       3%          2
c - Spider Form           Tmut/Pois      31%        N/A       9%          3
d - Poisonous Vapours     Pois/Air       18%        N/A       22%         2
e - Ice Form              Ice/Tmut       40%        N/A       10%         4
f - Blade Hands           Tmut           25%        N/A       9%          5
g - Apportation           Tloc           14%        N/A       21%         1
h - Irradiate             Conj/Tmut      19%        3d20      19%         5

Your spell library contained the following spells:

 Spells                   Type           Power      Damage    Failure   Level
 Ozocubu's Armour         Ice            29%        N/A       10%         3
 Shock                    Conj/Air       64%        1d7       12%         1
 Petrify                  Tmut/Erth      29%        N/A       19%         4
 Animate Skeleton         Necr           14%        N/A       21%         1
 Summon Small Mammal      Summ           28%        N/A       21%         1
 Hailstorm                Conj/Ice       27%        3d7       21%         4
 Corpse Rot               Necr/Air       14%        N/A       26%         2
 Sublimation of Blood     Necr           7%         N/A       26%         2
 Swiftness                Air            7%         N/A       38%         3
 Airstrike                Air            3%         N/A       67%         4
 Simulacrum               Ice/Necr       9%         N/A       97%         6
 Iron Shot                Conj/Erth      8%         9d3       98%         6
 Ozocubu's Refrigeration  Ice            14%        4d7       99%         7
 Animate Armour           Summ/Erth      Unusable   N/A       N/A         4

Dungeon Overview and Level Annotations

Branches:
Dungeon (10/15)            Temple (1/1) D:6            Lair (6/6) D:10
  Swamp (0/4) Lair:3       Spider (0/4) Lair:4        Slime (0/5) Lair:6
    Orc (2/2) D:10
    Elf: Orc:2

Altars:
Ashenzari
Cheibriados
Dithmenos
Elyvilon
Gozag
Hepliaklqana
Kikubaaqudgha
Makhleb
Nemelex Xobeh
Okawaru
Qazlal
Ru
Sif Muna
Trog
Uskayaw
Vehumet
Wu Jian
Xom
Yredelemnul
Zin
The Shining One

Shops:
D:1 [   D:4 [   D:5 *   D:6 :([*   D:7 (

Annotations:
D:5 2 runed translucent doors, MisterFreud's ghost, weakling GnDe


Innate Abilities, Weirdness & Mutations

You have blades for hands.
Your spellcasting is less reliable in this form.
You are incapable of wielding weapons or throwing items.
Your life essence is reduced to manifest your ancestor. (-10% HP)
Your dull iron-grey scales are very hard. (AC +13)
You are amphibious.
You cannot fit into any form of body armour.
You are cold-blooded and may be slowed by cold attacks.


Message History

You slash the orc warrior!
You kill the orc warrior!
Casting: Blade Hands (dangerous; 9% risk of failure)
Confirm with . or Enter, or press ? or * to list all spells.
Your blood is infused with primal strength.
The orc knight roars a battlecry!
The orcs go into a battle-frenzy!
You hit the orc.
The orc is heavily wounded.
You slash the orc!
You feel a bit better.
You kill the orc!
You howl as the wereblood boils in your veins!
The orc knight shoots a bolt.
The bolt closely misses you.
You rampage towards the orc knight!
An orc comes into view. It is wielding a +0 club.
You hit the orc knight but do no damage.
The orc knight is lightly wounded.
An orc comes into view. It is wielding a +0 short sword.
You slice the orc knight!!
The orc knight is heavily wounded.
The orc knight unwields a +0 arbalest.
The orc knight wields a +0 great sword.
The orc knight hits you with a +0 great sword!
The orc knight closely misses you.
You hit the orc knight but do no damage.
You slash the orc knight.
The orc knight is heavily wounded.
Your transformation is almost over.
The orc knight roars a battlecry!
You hit the orc knight.
You tail-slap the orc knight, but do no damage.
You slash the orc knight, but do no damage.
The orc knight is severely wounded.
The orc knight hits you with a +2 long sword of holy wrath!
You completely miss the orc knight.
You slash the orc knight, but do no damage.
The orc knight is severely wounded.
The orc knight hits you with a +0 great sword!!!
* * * LOW HITPOINT WARNING * * *
The orc knight hits you with a +2 long sword of holy wrath!!
You die...

...........................).....
.......#.....................###.
........................o.#### #.
...................#...o.#.## ..
............................# #.
........^..................### ##
.................###......##.##
.................#.o..........#
................@o.o....#.##.##
....<.)).......).o..#......#.##
......#............###........#
##..#####...###..### ###.#.#.##
##### ##### #### #######


You could see 2 orc knights and 2 orcs.

Vanquished Creatures
  A boulder beetle (Lair:4)
  5 hydras
  A catoblepas (Lair:6)
  8 death yaks
  2 orc sorcerers (Orc:2)
  2 manticores (Lair:6)
  2 elephants (Lair:4)
  A torpor snail (Lair:5)
  3 black mambas
  Maggie (D:8)
  A gargoyle (D:7)
  4 cane toads
  5 komodo dragons
  3 rime drakes
  A troll (D:9)
  2 polar bears
  3 dream sheep (Lair:5)
  3 blink frogs (Lair:5)
  A wyvern (Lair:5)
  A wraith (D:8)
  36 yaks
  2 basilisks
  A vampire mosquito (D:7)
  A warg (Orc:2)
  8 water moccasins
  3 black bears
  A hornet zombie (D:7)
  7 orc warriors
  2 sky beasts
  7 ogres
  10 wolves
  3 centaurs
  Blork the orc (D:4)
  A kobold brigand (D:10)
  15 bullfrogs
  A wyvern zombie (D:8)
  2 gnoll sergeants
  2 scorpions (D:6)
  4 water moccasin zombies (D:5)
  A water moccasin skeleton (D:6)
  3 wyvern skeletons
  8 killer bees
  4 howler monkeys
  An electric eel (Lair:5)
  6 centaur zombies (D:5)
  A centaur skeleton (D:7)
  13 jellies
  4 bullfrog zombies (D:5)
  2 hounds (D:5)
  5 orc priests
  Ijyb (D:5)
  Jessica (D:3)
  9 orc wizards
  3 scorpion zombies (D:5)
  5 iguanas
  A hound zombie (D:5)
  2 hound skeletons (D:5)
  3 howler monkey zombies (D:5)
  8 adders
  6 gnolls
  A howler monkey skeleton (D:5)
  3 shadow imps
  3 white imps
  2 ufetubi (D:5)
  An adder skeleton (D:4)
  An adder zombie (D:5)
  A worm (D:2)
  44 orcs
  6 endoplasms
  3 giant cockroaches
  3 goblins
  9 hobgoblins
  2 jackals (D:4)
  2 quokkas
  6 ball pythons
  6 bats
  3 frilled lizards
  12 kobolds
  9 rats
361 creatures vanquished.

Vanquished Creatures (collateral kills)
  2 catoblepae (Lair:6)
  A two-headed ogre (D:9)
  4 death yaks
  An ugly thing (D:7)
  An elephant (Lair:4)
  A cyclops (D:7)
  A gargoyle (D:10)
  3 komodo dragons
  An unseen horror (D:7)
  2 rime drakes (Lair:5)
  A troll (D:7)
  A blink frog (Lair:5)
  A dream sheep (Lair:5)
  11 yaks
  A vampire (D:7)
  A basilisk (Lair:3)
  2 acid dragons (D:9)
  3 water moccasins
  An orc warrior (Orc:2)
  3 wolves
  A kobold brigand (D:9)
  6 bullfrogs
  2 electric eels
  A howler monkey (D:9)
  A centaur zombie (D:8)
  4 orc priests
  3 jellies (Lair:6)
  2 orc wizards (Orc:1)
  6 orcs
  6 kobolds
74 creatures vanquished.

Vanquished Creatures (others)
  6 knights
  2 ancestors (D:7)
  2 adder zombies (D:5)
  A bush (Lair:3)
  35 fungi
  44 plants
  A withered plant (D:5)
91 creatures vanquished.

Grand Total: 526 creatures vanquished

Notes
Turn   | Place    | Note
-------+----------+-------------------------------------------
     0 | D:1      | raph the Draconian Transmuter began the quest for the Orb.
     0 | D:1      | Reached XP level 1. HP: 16/16 MP: 3/3
   314 | D:1      | Found a faded altar of an unknown god.
   620 | D:1      | Reached XP level 2. HP: 20/23 MP: 3/5
   736 | D:1      | Learned a level 2 spell: Wereblood
  1215 | D:1      | Found Haelyac's Armour Emporium.
  1507 | D:2      | Reached XP level 3. HP: 25/28 MP: 2/6
  1617 | D:2      | Learned a level 3 spell: Spider Form
  2017 | D:2      | Reached XP level 4. HP: 36/36 MP: 5/7
  2537 | D:1      | Bought a +0 cloak for 45 gold pieces
  2914 | D:3      | Noticed a moth of wrath
  2918 | D:3      | Found a bloodstained altar of Trog.
  3087 | D:3      | Noticed an angel
  3088 | D:3      | Found a glowing silver altar of Zin.
  3259 | D:3      | Found a sparkling altar of Nemelex Xobeh.
  3627 | D:3      | Noticed Jessica
  3942 | D:3      | Reached XP level 5. HP: 23/41 MP: 3/8
  4107 | D:3      | Learned a level 2 spell: Poisonous Vapours
  4219 | D:3      | Killed Jessica
  4280 | D:3      | You fall into a shaft and drop 2 floors!
  4280 | D:5      | Entered Level 5 of the Dungeon
  4303 | D:5      | Found an ancient bone altar of Kikubaaqudgha.
  4314 | D:5      | Found a runed translucent door.
  4357 | D:5      | Found a runed translucent door.
  4358 | D:5      | Noticed MisterFreud's ghost (weakling GnDe)
  4390 | D:5      | Reached XP level 6. HP: 11/50 MP: 6/10
  4496 | D:5      | Found Etilud's Assorted Antiques.
  4503 | D:5      | Noticed Ijyb
  5137 | D:6      | Reached skill level 5 in Unarmed Combat
  5387 | D:6      | Found Feg Reyz's Antique Armour Shoppe.
  5388 | D:6      | Found Nuttireo's Book Shoppe.
  5391 | D:6      | Found Edaunor's Antique Weapon Shoppe.
  5392 | D:6      | Found Use Oroe's General Store.
  5403 | D:6      | Bought a potion of flight for 42 gold pieces
  5632 | D:6      | Your scales start taking on a dull iron-grey colour.
  5632 | D:6      | Reached XP level 7. HP: 26/57 MP: 8/11
  5831 | D:6      | Found a staircase to the Ecumenical Temple.
  6001 | Temple   | Entered the Ecumenical Temple
  6788 | Temple   | Became a worshipper of Hepliaklqana the Forgotten
  6969 | D:5      | Learned a level 4 spell: Ice Form
  7155 | D:4      | Found Luprig's Antique Armour Emporium.
  7581 | D:4      | Reached skill level 5 in Transmutations
  7892 | D:4      | Noticed Blork the orc
  8181 | D:4      | Killed Blork the orc
  8182 | D:4      | Reached skill level 1 in Ice Magic
  8510 | D:5      | Found a radiant altar of Vehumet.
  8518 | D:5      | Reached XP level 8. HP: 62/66 MP: 9/13
  8756 | D:5      | Killed Ijyb
  8934 | D:5      | Identified a scroll of acquirement
  8934 | D:5      | Acquired 706 gold pieces
  9016 | D:4      | Bought a brightly glowing cloak for 180 gold pieces
  9016 | D:4      | Identified the +2 cloak of Honour {Rampage} (You bought it
                  | in a shop on level 4 of the Dungeon)
  9125 | D:6      | Bought a pair of gloves for 112 gold pieces
  9133 | D:6      | Bought a wand of paralysis (5) for 98 gold pieces
  9133 | D:6      | Bought a wand of acid (3) for 196 gold pieces
  9307 | D:7      | Found Tilul's Weapon Shoppe.
  9487 | D:5      | Bought a scroll of identify for 56 gold pieces
  9487 | D:5      | Bought a scroll of identify for 56 gold pieces
  9803 | D:5      | Reached XP level 9. HP: 72/72 MP: 12/15
 10004 | D:5      | Reached * piety under Hepliaklqana
 10488 | D:7      | Reached skill level 5 in Fighting
 10927 | D:7      | Noticed a gargoyle
 10927 | D:7      | Found the macabre finger necklace {rN+}
 10928 | D:7      | Noticed a brown ugly thing
 10928 | D:7      | Noticed a troll
 10928 | D:7      | Noticed a cyclops
 10933 | D:7      | Killed a gargoyle
 11297 | D:8      | Learned a level 5 spell: Blade Hands
 11666 | D:8      | Reached skill level 5 in Spellcasting
 11735 | D:8      | Noticed Maggie
 11747 | D:8      | Killed Maggie
 12031 | D:8      | Reached ** piety under Hepliaklqana
 12032 | D:8      | Remembered your ancestor Necuametl as a knight
 12035 | D:8      | Found a stormy altar of Qazlal.
 12204 | D:5      | Bought a wand of acid (4) for 224 gold pieces
 12204 | D:5      | Bought a bubbling clear potion for 25 gold pieces
 12349 | D:9      | Found a sacrificial altar of Ru.
 12358 | D:9      | Noticed a troll
 12363 | D:9      | Reached skill level 5 in Dodging
 12363 | D:9      | Reached XP level 10. HP: 49/73 MP: 10/17
 12369 | D:9      | Noticed a two-headed ogre
 12706 | D:9      | Learned a level 1 spell: Apportation
 13819 | D:9      | Acquired 1041 gold pieces
 14181 | D:9      | Killed a two-headed ogre
 14286 | D:9      | Found a shimmering blue altar of Sif Muna.
 14458 | D:9      | Found a basalt altar of Yredelemnul.
 15408 | D:10     | Entered Level 10 of the Dungeon
 15691 | D:10     | Noticed a gargoyle
 15696 | D:10     | Killed a gargoyle
 15796 | D:10     | Reached skill level 1 in Stealth
 15799 | D:10     | Reached skill level 5 in Ice Magic
 15799 | D:10     | Reached skill level 1 in Evocations
 15799 | D:10     | Reached XP level 11. HP: 81/81 MP: 13/19
 15861 | D:10     | Found a staircase to the Orcish Mines.
 16097 | D:10     | Found a staircase to the Lair.
 16187 | Lair:1   | Entered Level 1 of the Lair of Beasts
 16280 | Lair:1   | Reached *** piety under Hepliaklqana
 16592 | Lair:1   | Reached skill level 1 in Invocations
 17041 | Lair:1   | Noticed an eight-headed hydra
 17049 | Lair:1   | Killed an eight-headed hydra
 18170 | Lair:2   | Reached skill level 10 in Unarmed Combat
 18532 | Lair:2   | Reached **** piety under Hepliaklqana
 19322 | Lair:3   | Noticed a five-headed hydra
 19660 | Lair:3   | Reached XP level 12. HP: 87/90 MP: 21/21
 19673 | Lair:3   | Reached skill level 10 in Transmutations
 19889 | Lair:3   | Found a staircase to the Swamp.
 20102 | Lair:3   | Killed a seven-headed hydra
 20466 | Lair:3   | Noticed an eight-headed hydra
 20472 | Lair:3   | Killed an eight-headed hydra
 20997 | Lair:4   | Found a hole to the Spider Nest.
 21156 | Lair:4   | Noticed a four-headed hydra
 21162 | Lair:4   | Killed a four-headed hydra
 21198 | Lair:4   | Noticed a boulder beetle
 21341 | Lair:4   | Killed a boulder beetle
 21606 | Lair:4   | Reached ***** piety under Hepliaklqana
 22320 | Lair:5   | Reached skill level 1 in Poison Magic
 22351 | Lair:5   | Learned a level 5 spell: Irradiate
 22537 | Lair:5   | Reached skill level 1 in Conjurations
 23351 | Lair:5   | Found a hazy altar of Hepliaklqana.
 23644 | Lair:5   | Noticed an eight-headed hydra
 23648 | Lair:5   | Killed an eight-headed hydra
 24100 | Lair:6   | Entered Level 6 of the Lair of Beasts
 24110 | Lair:6   | Noticed a death yak
 24111 | Lair:6   | Noticed a death yak
 24112 | Lair:6   | Noticed a death yak
 24112 | Lair:6   | Noticed a death yak
 24255 | Lair:5   | Killed a death yak
 24537 | Lair:5   | Killed a death yak
 24538 | Lair:5   | Reached XP level 13. HP: 44/96 MP: 23/23
 25446 | Lair:6   | Found a staircase to the Slime Pits.
 26028 | Lair:6   | Reached skill level 5 in Invocations
 26423 | Lair:6   | Acquired a ring of poison resistance
 26607 | Lair:5   | HP: 3/97 [death yak (14)]
 27274 | Lair:5   | Reached skill level 5 in Stealth
 28227 | Lair:6   | Reached skill level 5 in Evocations
 29452 | D:7      | Identified the +7 hunting sling of the Valley of Death
                  | {vorpal, Stlth+}
 29593 | Orc:1    | Entered Level 1 of the Orcish Mines
 30811 | Orc:2    | Entered Level 2 of the Orcish Mines
 31567 | Orc:2    | Slain by an orc knight

Illustrated notes

Levels and vault maps discovered:
D:1:      dpeg_arrival_prison, layout_loops_corners, basic_ecumenical_altar,
          serial_shops, shop
D:2:      layout_loops_ring, chequers_serial_rivers_micro_a
D:3:      layout_basic, zin_angel, nemelex_altar_shiori, tgw_trog, uniq_jessica
D:4:      layout_loops_cross, mainiacjoe_overflow_brackets, serial_shops, shop,
          uniq_blork_the_orc
D:5:      minmay_bubble_buster, layout_cave_pools, fiery_altar_vehumet,
          mainiacjoe_overflow_alcove_1, serial_shops, nicolae_shop_waterfront,
          serial_undead, serial_undead_d, serial_undead_e, serial_undead_d,
          serial_undead_f, serial_undead_f, serial_undead_d, serial_undead_f,
          ebering_ghost_sewer_f, uniq_ijyb
D:6:      layout_cave_pods, temple_statues, minmay_shop_grid_forest
D:7:      minmay_the_grid_triangle_9x9_rhombus_thin
          [minmay_the_grid_triangle_9x9_zippers_vertical,
          minmay_the_grid_triangle_9x9_prize_center,
          minmay_the_grid_triangle_9x9_wacky_v,
          minmay_the_grid_triangle_9x9_odd_lines], layout_gridville,
          serial_shops, nicolae_shop_statue_plus, nrook_mini_vaults
D:8:      layout_rooms, lemuel_doored_altar, uniq_maggie
D:9:      minmay_general_purpose_star, layout_loops_ring,
          mainiacjoe_overflow_24_doors, mainiacjoe_overflow_paths,
          nicolae_ru_sacrificial_ziggurat
D:10:     layout_loops_ring, lair_entry_dummy, orc_0_dummy
Temple:   minmay_temple_forest_path
Lair:1:   hellmonk_warped_wall, layout_small_grid, beast_lair_carwin_11
Lair:2:   layout_regular_city, serial_bayou_shore_a
Lair:3:   layout_loops_ring, swamp_mist, infiniplex_staircase_pool
Lair:4:   layout_hall_layers, spider_nest_entry_web_field
Lair:5:   layout_regular_city, basic_altar, wad_woods_river_01
Lair:6:   evilmike_catoblepas_cave, layout_gridlike,
          minmay_slime_entry_jelly_boxes
Orc:1:    minmay_goldmine, layout_diamond_mine, nicolae_orc_lava_room
Orc:2:    pf_orc_diabolical, layout_caves, uniq_saint_roka, uniq_rupert

Skill      XL: |  1  2  3  4  5  6  7  8  9 10 11 12 13 |
---------------+----------------------------------------+-----
Dodging        | 2 3 4 5 6 7 |  7.5
Fighting       | 2 3 4 5 6 7 8 9 |  9.3
Transmutations | 3 4 5 6 7 8 9 10 11 | 11.6
Unarmed Combat | 4 5 6 8 9 10 11 | 11.8
Spellcasting   | 3 4 5 6 7 |  7.8
Ice Magic      | 1 2 3 5 |  5.7
Stealth        | 1 3 4 5 |  5.3
Evocations     | 1 3 4 5 |  5.1
Invocations    | 3 4 5 |  5.7
Poison Magic   | 1 |  1.0
Conjurations   | 2 4 |  4.6

Action                   |  1- 3 |  4- 6 |  7- 9 | 10-12 | 13-15 || total
-------------------------+-------+-------+-------+-------+-------++-------
Melee: Unarmed           |    92 |   133 |   318 |   397 |   190 ||  1130
       Kick              |    21 |    31 |    45 |       |       ||    97
       Headbutt          |    13 |    12 |    37 |       |       ||    62
       Tailslap          |     5 |    13 |    36 |    47 |    43 ||   144
       Punch             |       |     1 |    14 |    17 |    16 ||    48
 Cast: Beastly Appendage |    29 |    21 |    22 |       |       ||    72
       Wereblood         |     2 |     7 |    11 |    16 |     6 ||    42
       Spider Form       |       |     7 |     4 |     1 |     2 ||    14
       Poisonous Vapours |       |     5 |    27 |    22 |    75 ||   129
       Ice Form          |       |       |    15 |    18 |     1 ||    34
       Blade Hands       |       |       |     6 |    48 |    48 ||   102
       Apportation       |       |       |       |     1 |       ||     1
       Irradiate         |       |       |       |       |     1 ||     1
Invok: Ancestor Life: Kn |       |       |     1 |       |       ||     1
       Recall Ancestor   |       |       |       |     3 |     1 ||     4
       Transference      |       |       |       |     1 |       ||     1
Evoke: Wand              |       |       |     1 |     7 |       ||     8
  Use: Scroll            |     5 |     2 |     9 |     9 |     1 ||    26
       Potion            |       |     2 |       |     1 |     2 ||     5
 Stab: Sleeping          |       |       |     1 |     3 |       ||     4
       Distracted        |       |       |       |     3 |     2 ||     5
Armor: Skin              |    29 |    57 |   141 |   167 |    64 ||   458
Dodge: Dodged            |    61 |   229 |   275 |   314 |   114 ||   993
